 Dungeon Crawl Stone Soup version 0.31-a0-859-g9dce7d3444 (webtiles) character file.

Game seed: 4213009297568589956

36 lunkers the Ruffian (level 3, 0/28 HPs)
             Began as a Meteoran Shapeshifter on Oct 9, 2023.
             Killed by divine providence
             ... invoked by an orc priest
              (9 damage)
             ... on level 3 of the Dungeon.
             The game lasted 00:01:26 (1173 turns).

lunkers the Ruffian (Meteoran Shapeshifter)         Turns: 1173, Time: 00:01:26

Health: 0/28       AC:  6    Str: 16    XL:     3   Next: 82%
Magic:  4/4        EV: 10    Int: 11    God:
Gold:   98         SH:  0    Dex: 15    Spells: 2/2 levels left

rFire   . .          .
                       - Unarmed
rCold   . . .        (no shield)
rNeg    . . .        u - +0 scale mail
rPois   .            (helmet currently unavailable)
rElec   .            (cloak currently unavailable)
rCorr   .            (gloves currently unavailable)
SInv    .            (boots currently unavailable)
Will    .....        (no amulet) Stlth
                     (no ring)
HPRegen 0.24/turn    (no ring)
MPRegen 0.09/turn

%: no passive effects
@: beast-form, glowing
A: beast (slay +2), sense surroundings 1, otherworldly, glowing, explore regen
a: Begin Untransformation


You were on level 3 of the Dungeon.
You were a hulking beast.
You visited 1 branch of the dungeon, and saw 3 of its levels.

You collected 98 gold pieces.

Inventory:

Missiles
 j - a throwing net
Armour
 a - a +0 animal skin
 u - a +0 scale mail (worn)
Jewellery
 w - a ring of wizardry
Talismans
 c - a beast talisman (active)
 d - a flux talisman
Scrolls
 e - a scroll of fear {unknown}
 h - 2 scrolls of enchant armour {unknown}
 i - a scroll of noise {unknown}
 k - a scroll of acquirement {unknown}
 m - a scroll of enchant weapon {unknown}
 q - a scroll of poison {unknown}
 r - 2 scrolls of teleportation {unknown}
 s - a scroll of immolation
 t - a scroll of revelation {unknown}
Potions
 b - 3 potions of lignification
 f - 2 potions of curing
 g - a potion of haste {unknown}
 l - 2 potions of attraction {unknown}
 n - a potion of heal wounds {unknown}
 o - a potion of mutation {unknown}
 p - a potion of degeneration {unknown}
 v - a potion of brilliance {unknown}


   Skills:
 - Level 1.1 Fighting
 - Level 2.1 Dodging
 * Level 4.8 Unarmed Combat
 + Level 4.1 Shapeshifting


You had 2 spell levels left.
You didn't know any spells.
Your spell library was empty.

Dungeon Overview and Level Annotations

Branches:
Dungeon (3/15) Zot: 631

Altars:


Innate Abilities, Weirdness & Mutations

You are a hulking beast.
Your limbs bulge with bestial killing power. (Slay +2)
You passively map a small area around you.
You are easily found by Zot.
You glow in the dark.
You regain HP and MP as you explore.


Message History

The orc priest shouts!
The orc shouts!
The endoplasm quivers.
The bat hits you.
The endoplasm moves out of view.
The bat hits you but does no damage.
The orc priest invokes the aid of Beogh against you.
Beogh smites you!
You punch the orc! You punch the orc.
You kill the orc!
The bat hits you but does no damage. The orc barely misses you.
The orc priest mumbles some strange prayers to Beogh against you.
Beogh smites you!
* * * LOW HITPOINT WARNING * * *
The bat closely misses you.
You miss the bat. The bat hits you but does no damage.
You hit the orc.
The orc is heavily wounded.
The orc priest looks satisfied for a moment.
The orc hits you with a +0 hand axe.
* * * LOW HITPOINT WARNING * * *
You closely miss the orc. Your punch misses the orc.
The orc is heavily wounded.
The orc closely misses you.
You hit the orc.
You kill the orc!
The bat hits you but does no damage.
You hit the bat but do no damage. The bat closely misses you. The bat hits you.
* * * LOW HITPOINT WARNING * * *
It was a potion of curing.
You feel better. The bat hits you but does no damage.
Unknown command.
You hit the orc priest.
The orc priest is moderately wounded.
The orc priest closely misses you.
You punch the orc priest!
The orc priest is severely wounded.
You hit the orc priest.
The orc priest is almost dead.
The orc priest mumbles some strange prayers to Beogh against you.
Beogh smites you!
You die...

#.# #. #.# #..# ,* * ,
#.# #. #.# #..# * *,
#.####.*#.# #..# *
..##.#.##.# #..# *
....#.....######..####.#
...###..#...............
, *
#.#####....#####.#.###.#*
....##..#..# #.# .., ,
#.#....##..# #h# ##
.......##..# ,#o# ,
.##.#..........ooJ......
. #.....####....b#####.#,
* . ..#.#.#*#......., ,
..........##.....#**
#...#.#.#......... ,
.....#............, , * ,
.#....... , ,


You could see an orc priest, 2 orcs, an endoplasm and a bat.

Vanquished Creatures
  A worm (D:2)
  2 dart slugs
  6 orcs (D:3)
  2 ball pythons
  An endoplasm (D:2)
  2 giant cockroaches (D:2)
  3 goblins
  A hobgoblin (D:1)
  2 bats (D:2)
  2 frilled lizards
  A rat (D:1)
23 creatures vanquished.

Notes
Turn   | Place    | Note
-------+----------+-------------------------------------------
     0 | D:1      | lunkers the Meteoran Shapeshifter began the quest for the
                  | Orb.
     0 | D:1      | Reached XP level 1. HP: 16/16 MP: 2/2
   349 | D:2      | Reached XP level 2. HP: 23/23 MP: 3/3
   814 | D:2      | Reached XP level 3. HP: 24/28 MP: 4/4
  1023 | D:3      | Found a faded altar of an unknown god.
  1173 | D:3      | Killed from afar by an orc priest

Illustrated notes

Levels and vault maps discovered:
D:1:      ebering_trefoil_twist, layout_loops_cross, serial_park_tiny_2,
          minmay_misc_feat_cross
D:2:      layout_loops_corners
D:3:      layout_loops_ring, hellmonk_ecumenical_altar_blasted,
          hangedman_decor_riveting, minmay_randomly_rotated_circles

Skill      XL: |  1  2  3 |
---------------+----------+-----
Unarmed Combat | 4 |  4.8
Shapeshifting  | 4 |  4.1
Fighting       | |  1.1
Dodging        | |  2.1

Action                     || total
---------------------------++-------
  Melee: Unarmed           ||    62
         Punch             ||     3
    Use: Potion            ||     1
 Armour: Animal skin       ||    16
         Scale mail        ||    10
  Dodge: Dodged            ||    30

Table legend: (Time is in decaauts)
 A = Elapsed time spent in this place.
 B = Non-inter-level travel time spent in this place.
 C = Inter-level travel time spent in this place.
 D = Time resting spent in this place.
 E = Time spent auto-exploring this place.
 F = Levels seen in this place.
 G = Mean time per level.
                   A        B        C        D        E       F      G
               +--------+--------+--------+--------+--------+-----+--------+
         Total |   1168 |   1111 |     57 |      0 |    889 |   3 |  389.3 |
       Dungeon |   1168 |   1111 |     57 |      0 |    889 |   3 |  389.3 |
               +--------+--------+--------+--------+--------+-----+--------+

Top non-repeatable levels by time:
     D:2: 708 daAuts
     D:1: 274 daAuts
     D:3: 185 daAuts
